AoeStats
← 嘉宝叔叔

Arena

509332900Analyzed
1v1 RM · 7d ago on Sep 26, 2026· 29m 50s· 2 players
Game mode
Random Map
Map size
Tiny (2 player)
Population
200
Speed
Normal
Resources
Standard
Victory
Conquest
Starting age
Dark Age
Ending age
Imperial Age
RankedLock teamsTeams togetherTeam positionsShared explorationLock speedFull tech treeHidden civsTurbo modeCheats
Victory
Defeat
🇨🇳 Romans · China
1317
+16
🇨🇳 Bengalis · China
1322
-34
my teammate can 1v2
10:11 Feudal Age
11:06 Double-Bit Axe
13:51 Castle Age
11:55 Horse Collar
14:50 Bow Saw
15:41 Loom
18:02 Man-at-Arms
20:28 Wheelbarrow
20:09 Scale Mail Armor
19:53 Long Swordsman
20:46 Gold Mining
22:25 Chain Mail Armor
22:58 Forging
24:34 Squires
25:33 Gold Shaft Mining
25:52 Iron Casting
嘉宝叔叔
10:19 Feudal Age
12:17 Loom
14:46 Castle Age
13:11 Stone Mining
17:30 Horse Collar
19:37 Double-Bit Axe
21:29 Town Watch
24:38 Fletching
28:22 Wheelbarrow
Connection lost

Rejoining the realm…

Still unreachable

The connection could not be restored.

Session expired

The server has moved on; the page needs a fresh start.